 Dungeon Crawl Stone Soup version 0.26-a0-54-g15ccc7ae60 (webtiles) character file.

Game seed: 5283256217659950652

7023 vurker the Magician (level 11, -14/84 HPs)
             Began as a Gnoll Skald on June 7, 2020.
             Was a High Priest of Cheibriados.
             Demolished by an orc warrior
             ... wielding a +0 trident
              (19 damage)
             ... in a bailey.
             The game lasted 00:20:59 (12916 turns).

vurker the Magician (Gnoll Skald)                  Turns: 12916, Time: 00:21:00

Health: -14/84     AC: 19    Str: 38    XL:     11   Next: 8%
Magic:  21/22      EV: 16    Int: 31    God:    Cheibriados [*****.]
Gold:   293        SH:  0    Dex: 33    Spells: 22/25 levels left

rFire    . . .     SeeInvis .   E - +2 trident "Odinaumi" {vamp, *Noise rPois Str+8 Dex+8} (curse)
rCold    . . .     Gourm    .   (no shield)
rNeg     . . .     Faith    .   q - +1 plate armour {rPois}
rPois    +         Spirit   .   h - +0 helmet
rElec    .         Reflect  .   t - +2 cloak
rCorr    .         Harm     .   A - +0 pair of gloves
MR       .....                  (no boots)
Stlth    ..........             (no amulet)
HPRegen  0.24/turn              p - +6 ring of strength
MPRegen  0.18/turn              v - ring of poison resistance

@: very slow
A: distributed training, fangs 1, strong nose
a: Bend Time, Temporal Distortion, Slouch, Step From Time, Renounce Religion


You were in a bailey.
You worshipped Cheibriados.
Cheibriados was extremely pleased with you.
You were not hungry.

You visited 2 branches of the dungeon, and saw 11 of its levels.
You also visited: Bailey.

You collected 430 gold pieces.
You spent 137 gold pieces at shops.

Inventory:

Hand Weapons
 a - the +3 war axe "Arcanum" {drain, +Blink rC++ Str-4 Stlth+}
   (You found it on level 4 of the Dungeon)

   A truly terrible weapon, it drains the life of those it strikes.
   It affects your strength (-4).
   It greatly protects you from cold.
   It lets you blink.
   It makes you more stealthy.
 b - a +4 vorpal flail
   (You took it off Edmund on level 4 of the Dungeon)
 B - a +5 glaive
   (You took it off an orc warrior in a bailey)
 E - the cursed +2 trident "Odinaumi" (weapon) {vamp, *Noise rPois Str+8 Dex+8}
   (You found it on level 9 of the Dungeon)

   It inflicts no extra harm, but heals its wielder when it wounds a living foe.
   It affects your strength (+8).
   It affects your dexterity (+8).
   It protects you from poison.
   It may make noises in combat.
   It has a curse placed upon it.
Missiles
 g - 4 throwing nets (quivered)
Armour
 h - a +0 helmet (worn)
   (You found it on level 1 of the Dungeon)
 q - a +1 plate armour of poison resistance (worn)
   (You found it on level 5 of the Dungeon)
 t - a +2 cloak (worn)
   (You found it on level 4 of the Dungeon)
 z - a scarf of invisibility
   (You found it on level 6 of the Dungeon)
 A - a +0 pair of gloves (worn)
   (You found it on level 6 of the Dungeon)
Jewellery
 j - an uncursed ring of ice
   (You found it on level 1 of the Dungeon)
 p - a +6 ring of strength (left hand)
   (You took it off Edmund on level 4 of the Dungeon)
 v - a ring of poison resistance (right hand)
   (You found it on level 4 of the Dungeon)
Wands
 d - a wand of iceblast (17)
   (You found it on level 4 of the Dungeon)
 u - a wand of paralysis (16)
   (You found it on level 7 of the Dungeon)
Scrolls
 c - 3 scrolls of fog
 f - 4 scrolls of teleportation
 l - a scroll of amnesia
 n - 3 scrolls of enchant weapon
 o - 3 scrolls of fear
 r - 2 scrolls of blinking
 x - 3 scrolls of remove curse
 y - 3 scrolls of enchant armour
Potions
 i - 3 potions of curing
 k - 2 potions of cancellation
 m - 3 potions of might
 s - 2 potions of heal wounds
Miscellaneous
 C - a tin of tremorstones (1/3)
   (You found it on level 9 of the Dungeon)
Comestibles
 e - 25 rations
 w - 6 chunks of flesh


   Skills:
 + Level 7.5 Fighting
 + Level 5.8 Short Blades
 + Level 5.8 Long Blades
 + Level 5.8 Axes
 + Level 5.8 Maces & Flails
 + Level 7.5 Polearms
 + Level 5.8 Staves
 + Level 5.8 Slings
 + Level 5.8 Bows
 + Level 5.8 Crossbows
 + Level 5.8 Throwing
 + Level 6.4 Armour
 + Level 7.5 Dodging
 + Level 5.8 Stealth
 + Level 5.8 Shields
 + Level 5.8 Unarmed Combat
 + Level 7.8 Spellcasting
 + Level 4.8 Conjurations
 + Level 4.8 Hexes
 + Level 7.4 Charms
 + Level 4.8 Summonings
 + Level 4.8 Necromancy
 + Level 4.8 Translocations
 + Level 4.8 Transmutations
 + Level 4.8 Fire Magic
 + Level 4.8 Ice Magic
 + Level 4.8 Air Magic
 + Level 4.8 Earth Magic
 + Level 4.8 Poison Magic
 + Level 6.4 Invocations
 + Level 5.8 Evocations


You had 22 spell levels left.
You knew the following spells:

 Your Spells              Type           Power        Failure   Level  Hunger
a - Spectral Weapon       Hex/Chrm       ######..     6%          3    None

Your spell library contained the following spells:

 Spells                   Type           Power        Failure   Level  Hunger
 Infusion                 Chrm           ####         1%          1    None
 Song of Slaying          Chrm           ######..     1%          2    None
 Animate Skeleton         Necr           N/A          3%          1    None
 Apportation              Tloc           #####.       3%          1    None
 Corona                   Hex            #####..      3%          1    None
 Summon Small Mammal      Summ           ####         3%          1    None
 Shroud of Golubria       Chrm/Tloc      ######       3%          2    None
 Ozocubu's Armour         Chrm/Ice       ######..     6%          3    None


Dungeon Overview and Level Annotations

Branches:
Dungeon (10/15)            Temple (1/1) D:5          Bailey (1/1)
   Lair: D:8-11         Orc: D:9-12

Altars:
Ashenzari
Cheibriados
Dithmenos
Elyvilon
Fedhas
Gozag
Hepliaklqana
Kikubaaqudgha
Makhleb
Nemelex Xobeh
Okawaru
Qazlal
Ru
Sif Muna
Trog
Uskayaw
Vehumet
Wu Jian
Xom
Yredelemnul
Zin
The Shining One

Shops:
D:4 ?   D:7 *


Innate Abilities, Weirdness & Mutations

Your experience applies equally to all skills.
You have very sharp teeth.
Your uncanny sense of smell can sniff out nearby items.


Message History

Your spectral weapon hits the orc knight!
An orc warrior comes into view. It is wielding a +0 halberd.
The orc warrior shouts!
You hit the orc knight.
You feel better.
Your spectral weapon hits the orc knight.
The orc knight hits you with a +0 halberd!!
You hit the orc knight.
You feel better.
Your spectral weapon barely misses the orc knight.
The orc knight hits you with a +0 halberd!
The orc warrior closely misses you.
You hit the orc knight. Your bite misses the orc knight.
Your spectral weapon hits the orc knight.
The orc knight hits your spectral weapon with a +0 halberd!!
Your spectral weapon shares its damage with you!
Your spectral weapon fades away.
* * * LOW HITPOINT WARNING * * *
The orc warrior barely misses you.
The orc knight shouts!
Unknown command.
The tremorstone explodes into fragments!
The burst of rock shards engulfs the orc warrior!
The burst of rock shards engulfs the orc warrior but does no damage.
The burst of rock shards engulfs the orc knight.
The burst of rock shards engulfs the orc knight!!
The burst of rock shards engulfs you.
* * * LOW HITPOINT WARNING * * *
The burst of rock shards engulfs the orc warrior!
The burst of rock shards engulfs the orc warrior.
You hear a shout!
An orc warrior comes into view. It is wielding a +0 glaive.
The orc knight closely misses you.
Unknown command.
Unknown command.
The tremorstone explodes into fragments!
The burst of rock shards engulfs the orc warrior.
The burst of rock shards engulfs the orc warrior!
You kill the orc warrior!
Cheibriados appreciates the change of pace.
The burst of rock shards engulfs the orc warrior but does no damage.
The burst of rock shards engulfs the orc knight.
The burst of rock shards engulfs the orc warrior but does no damage. x2
The burst of rock shards engulfs the orc knight!
You kill the orc knight!
Cheibriados thoroughly appreciates the change of pace.
You can now step out of the flow of time.
Cheibriados raises the support of your attributes as your movement slows.
The orc warrior hits you from afar with a +0 halberd!!
* * * LOW HITPOINT WARNING * * *
The orc warrior hits you from afar with a +0 trident!!
You die...

.......#..##)#)##..#
......##.#########.#
......##.')#∆ ∆#)'.#
..(..(##.### ###.#
(...(.##.')# #['.#
......##.#### ###.#
(.....##..##∩) ##..#
.(........##''o#..##
..(.......##..o)@##
≈≈≈≈≈.....##....##
≈#)#≈≈....######
##.∩#≈......
..^..≈.......
##.##≈........
#.#≈≈........ ≈≈≈
....


You could see 2 orc warriors.

Vanquished Creatures
  Harold (D:9)
  Pikel (D:3)
  An orc knight (Bailey)
  A hippogriff (D:7)
  4 yaks (D:9)
  A wyvern (D:8)
  Eustachio (D:5)
  A hungry ghost (D:7)
  Edmund (D:4)
  Duvessa (D:4)
  7 orc warriors
  2 sky beasts
  3 slaves
  2 ice beasts
  3 ogres
  A phantom (D:7)
  4 centaurs
  2 big kobolds
  6 bullfrogs
  Dowan (D:4)
  11 killer bees
  3 wights (D:7)
  3 howler monkeys
  2 crimson imps
  A centaur zombie (D:10)
  A bullfrog zombie (D:5)
  A bullfrog skeleton (D:7)
  A hound (D:9)
  4 jellies
  6 orc priests
  A gnoll shaman (D:8)
  An iguana (D:10)
  Crazy Yiuf (D:4)
  9 orc wizards
  5 worker ants
  2 hound zombies (D:5)
  2 hound skeletons
  Robin (D:2)
  A worker ant zombie (D:5)
  5 gnolls (D:8)
  9 adders
  An ooze (D:1)
  An adder zombie (D:5)
  3 adder skeletons
  5 worms
  2 dart slugs
  5 leopard geckos
  40 orcs
  6 giant cockroaches
  12 goblins
  11 hobgoblins
  14 jackals
  2 quokkas
  2 ball pythons (D:1)
  2 bats (D:2)
  8 frilled lizards
  17 kobolds
  A quokka zombie (D:5)
  21 rats
267 creatures vanquished.

Vanquished Creatures (others)
  A quokka (D:4)
  A spectral weapon (Bailey)
2 creatures vanquished.

Grand Total: 269 creatures vanquished

Notes
Turn   | Place    | Note
-------+----------+-------------------------------------------
     0 | D:1      | vurker the Gnoll Skald began the quest for the Orb.
     0 | D:1      | Reached XP level 1. HP: 20/20 MP: 6/6
   146 | D:1      | Reached XP level 2. HP: 26/26 MP: 7/7
  1007 | D:1      | Reached XP level 3. HP: 31/31 MP: 9/9
  1158 | D:2      | Reached skill level 5 in Spellcasting
  1177 | D:2      | Reached skill level 1 in Invocations
  1207 | D:2      | Found a glowing silver altar of Zin.
  1352 | D:2      | Reached skill level 1 in Short Blades
  1352 | D:2      | Reached skill level 1 in Long Blades
  1352 | D:2      | Reached skill level 1 in Axes
  1352 | D:2      | Reached skill level 1 in Maces & Flails
  1352 | D:2      | Reached skill level 1 in Staves
  1352 | D:2      | Reached skill level 1 in Slings
  1352 | D:2      | Reached skill level 1 in Bows
  1352 | D:2      | Reached skill level 1 in Crossbows
  1352 | D:2      | Reached skill level 1 in Throwing
  1352 | D:2      | Reached skill level 1 in Stealth
  1352 | D:2      | Reached skill level 1 in Shields
  1352 | D:2      | Reached skill level 1 in Unarmed Combat
  1352 | D:2      | Reached skill level 1 in Evocations
  1477 | D:2      | Reached XP level 4. HP: 38/38 MP: 11/11
  1812 | D:2      | Noticed a moth of wrath
  1814 | D:2      | Found a bloodstained altar of Trog.
  2353 | D:2      | Noticed Robin
  2428 | D:2      | Killed Robin
  2428 | D:2      | Reached skill level 1 in Conjurations
  2428 | D:2      | Reached skill level 1 in Hexes
  2428 | D:2      | Reached skill level 1 in Summonings
  2428 | D:2      | Reached skill level 1 in Necromancy
  2428 | D:2      | Reached skill level 1 in Translocations
  2428 | D:2      | Reached skill level 1 in Transmutations
  2428 | D:2      | Reached skill level 1 in Fire Magic
  2428 | D:2      | Reached skill level 1 in Ice Magic
  2428 | D:2      | Reached skill level 1 in Air Magic
  2428 | D:2      | Reached skill level 1 in Earth Magic
  2428 | D:2      | Reached skill level 1 in Poison Magic
  3003 | D:3      | Found a shimmering altar of Xom.
  3058 | D:3      | Reached XP level 5. HP: 41/43 MP: 12/12
  3323 | D:3      | Found a blossoming altar of Fedhas.
  3905 | D:4      | Noticed Pikel
  3905 | D:4      | Noticed a slave
  3905 | D:4      | Noticed a slave
  3905 | D:4      | Noticed a slave
  3905 | D:4      | Noticed a slave
  3977 | D:3      | Killed a slave
  4217 | D:3      | Killed a slave
  4367 | D:4      | Killed a slave
  4623 | D:3      | HP: 2/43 [Pikel/+1 whip of freezing (2)]
  4630 | D:3      | Killed Pikel
  4630 | D:3      | Reached skill level 5 in Fighting
  4630 | D:3      | Reached skill level 5 in Polearms
  4630 | D:3      | Reached skill level 5 in Dodging
  4630 | D:3      | Reached XP level 6. HP: 3/51 MP: 12/14
  4630 | D:3      | Reached XP level 7. HP: 3/56 MP: 12/15
  4933 | D:4      | Found Lets's Magic Scroll Boutique.
  4937 | D:4      | Bought a scroll of teleportation for 33 gold pieces
  4937 | D:4      | Bought a scroll of blinking for 82 gold pieces
  4937 | D:4      | Bought a scroll of identify for 22 gold pieces
  5033 | D:4      | Noticed Edmund
  5064 | D:4      | HP: 2/56 [Edmund/+4 vorpal flail (10)]
  5431 | D:4      | Noticed Duvessa
  5438 | D:4      | Noticed Dowan
  5448 | D:4      | Killed Duvessa
  5461 | D:4      | Killed Dowan
  5745 | D:3      | Learned a level 3 spell: Spectral Weapon
  5757 | D:4      | Killed Edmund
  5757 | D:4      | Reached XP level 8. HP: 46/63 MP: 13/16
  5891 | D:4      | Got a polished war axe
  5897 | D:4      | Identified the +3 war axe "Arcanum" {drain, +Blink rC++
                  | Str-4 Stlth+} (You found it on level 4 of the Dungeon)
  5917 | D:4      | Found a runed translucent door.
  5918 | D:4      | Noticed Crazy Yiuf
  6373 | D:4      | Found a basalt altar of Yredelemnul.
  6740 | D:4      | Killed Crazy Yiuf
  6866 | D:5      | Entered Level 5 of the Dungeon
  7037 | D:5      | Found a staircase to the Ecumenical Temple.
  7052 | Temple   | Entered the Ecumenical Temple
  7176 | Temple   | Became a worshipper of Cheibriados the Contemplative
  7235 | D:5      | Noticed Eustachio
  7252 | D:5      | Killed Eustachio
  7670 | D:5      | Found a white marble altar of Elyvilon.
  7817 | D:5      | Reached * piety under Cheibriados
  7846 | D:5      | Reached XP level 9. HP: 46/69 MP: 18/18
  8695 | D:6      | Reached ** piety under Cheibriados
  8998 | D:6      | Found a shadowy altar of Dithmenos.
  9050 | D:6      | Reached skill level 5 in Armour
  9654 | D:7      | Found a sparkling altar of Nemelex Xobeh.
  9762 | D:7      | Reached skill level 5 in Invocations
  9859 | D:7      | Reached XP level 10. HP: 47/77 MP: 20/20
 10204 | D:7      | Found Iwutz's Island Escapes.
 10412 | D:8      | Reached *** piety under Cheibriados
 10423 | D:8      | Found a shattered altar of Ashenzari.
 10964 | D:8      | Reached skill level 5 in Short Blades
 10964 | D:8      | Reached skill level 5 in Long Blades
 10964 | D:8      | Reached skill level 5 in Axes
 10964 | D:8      | Reached skill level 5 in Maces & Flails
 10964 | D:8      | Reached skill level 5 in Staves
 10964 | D:8      | Reached skill level 5 in Slings
 10964 | D:8      | Reached skill level 5 in Bows
 10964 | D:8      | Reached skill level 5 in Crossbows
 10964 | D:8      | Reached skill level 5 in Throwing
 10964 | D:8      | Reached skill level 5 in Stealth
 10964 | D:8      | Reached skill level 5 in Shields
 10964 | D:8      | Reached skill level 5 in Unarmed Combat
 10964 | D:8      | Reached skill level 5 in Evocations
 11302 | D:8      | Found a hazy altar of Hepliaklqana.
 11376 | D:9      | Found a radiant altar of Vehumet.
 11393 | D:9      | Reached **** piety under Cheibriados
 11752 | D:9      | Noticed a -2 hand axe
 11753 | D:9      | Noticed a +0 dagger
 11758 | D:9      | Found a hide-covered altar of Uskayaw.
 11972 | D:9      | Got a shimmering trident
 11976 | D:9      | Found a sparkling altar of Nemelex Xobeh.
 11977 | D:9      | Found an opulent altar of Gozag.
 12042 | D:9      | Identified the cursed +2 trident "Odinaumi" {vamp, *Noise
                  | rPois Str+8 Dex+8} (You found it on level 9 of the Dungeon)
 12128 | D:9      | Found an ancient bone altar of Kikubaaqudgha.
 12169 | D:9      | Noticed Harold
 12182 | D:9      | Killed Harold
 12430 | D:10     | Entered Level 10 of the Dungeon
 12502 | D:10     | Found a flagged portal.
 12513 | Bailey   | Entered a bailey
 12900 | Bailey   | Reached XP level 11. HP: 84/84 MP: 22/22
 12907 | Bailey   | Noticed an orc knight
 12916 | Bailey   | Killed an orc knight
 12916 | Bailey   | Reached ***** piety under Cheibriados
 12916 | Bailey   | Demolished by an orc warrior

Illustrated notes

Levels and vault maps discovered:
D:1:      roderic_octagonal_star, layout_basic, grunt_decor_fettered
D:2:      layout_loops_corners, tgw_trog, nicolae_overflow_hidden_temple,
          uniq_robin
D:3:      layout_basic, fedhas_altar_3, st_stairs_11,
          minmay_misc_feat_more_columns, xom_teletrap_fun
D:4:      layout_loops_corners, yredelemnul_altar_generic, serial_shops,
          nicolae_shop_trees, first_ration, kennysheep_potato,
          uniq_crazy_yiuf_cottage, uniq_edmund, uniq_duvessa, uniq_pikel
D:5:      layout_basic, lemuel_crystal_altar, minmay_temple_entry_arrows,
          uniq_eustachio
D:6:      layout_cave_pools, lemuel_doored_altar
D:7:      layout_loops_ring, basic_altar, nicolae_island_escapes
D:8:      layout_loops_ring, ashenzari_altar_1, marbit_many_paths
D:9:      layout_cave_pools, grunt_temple_overflow_opulence, vehumet_crystals,
          dancing_weapons_uskayaw, grunt_ogre_cave, kennysheep_nondescript,
          david_defended_altar_elf, uniq_harold
D:10:     layout_irregular_city, lair_entry_dummy, enter_bailey_6,
          grunt_decor_cap
Temple:   zaba_magenta_temple
Bailey:   bailey_polearm_2, bailey

Skill      XL: |  1  2  3  4  5  6  7  8  9 10 |
---------------+-------------------------------+-----
Spellcasting   | 5 6 7 |  7.8
Invocations    | 1 2 3 4 5 6 |  6.4
Short Blades   | 1 2 3 4 5 |  5.8
Long Blades    | 1 2 3 4 5 |  5.8
Axes           | 1 2 3 4 5 |  5.8
Maces & Flails | 1 2 3 4 5 |  5.8
Staves         | 1 2 3 4 5 |  5.8
Slings         | 1 2 3 4 5 |  5.8
Bows           | 1 2 3 4 5 |  5.8
Crossbows      | 1 2 3 4 5 |  5.8
Throwing       | 1 2 3 4 5 |  5.8
Stealth        | 1 2 3 4 5 |  5.8
Shields        | 1 2 3 4 5 |  5.8
Unarmed Combat | 1 2 3 4 5 |  5.8
Evocations     | 1 2 3 4 5 |  5.8
Conjurations   | 1 2 3 4 |  4.8
Hexes          | 1 2 3 4 |  4.8
Summonings     | 1 2 3 4 |  4.8
Necromancy     | 1 2 3 4 |  4.8
Translocations | 1 2 3 4 |  4.8
Transmutations | 1 2 3 4 |  4.8
Fire Magic     | 1 2 3 4 |  4.8
Ice Magic      | 1 2 3 4 |  4.8
Air Magic      | 1 2 3 4 |  4.8
Earth Magic    | 1 2 3 4 |  4.8
Poison Magic   | 1 2 3 4 |  4.8
Fighting       | 5 6 7 |  7.5
Polearms       | 5 6 7 |  7.5
Armour         | 3 4 5 6 |  6.4
Dodging        | 5 6 7 |  7.5
Charms         | 6 7 |  7.4

Action                   |  1- 3 |  4- 6 |  7- 9 | 10-12 || total
-------------------------+-------+-------+-------+-------++-------
Melee: Spear             |    14 |       |       |       ||    14
       Dagger            |   118 |   271 |       |       ||   389
       Bite              |    14 |    33 |    42 |    25 ||   114
       Punch             |     1 |     3 |     4 |     4 ||    12
       Short sword       |       |    78 |       |       ||    78
       Whip              |       |       |   104 |       ||   104
       War axe           |       |       |   271 |   129 ||   400
       Quarterstaff      |       |       |    19 |       ||    19
       Flail             |       |       |    11 |       ||    11
       Trident           |       |       |       |    54 ||    54
 Cast: Spectral Weapon   |       |       |     2 |     5 ||     7
Evoke: Wand              |       |       |     1 |       ||     1
       Tin of tremorston |       |       |       |     2 ||     2
  Use: Scroll            |       |     3 |     8 |     6 ||    17
       Potion            |       |     6 |     3 |     1 ||    10
 Stab: Sleeping          |     4 |     3 |     8 |       ||    15
       Invisible         |       |       |     2 |       ||     2
       Distracted        |       |       |     2 |       ||     2
  Eat: Chunk             |     2 |     7 |    14 |     5 ||    28
       Ration            |       |     1 |     1 |       ||     2
Armor: Leather armour    |    26 |    42 |    58 |       ||   126
       Plate armour      |       |       |   180 |   166 ||   346
Dodge: Dodged            |    84 |   145 |   290 |   196 ||   715

Table legend:
 A = Non-vault XP
 B = Vault XP
 C = Vault XP percentage of total XP
 D = Non-vault monster count
 E = Vault monster count
 F = Vault count percentage of total count
                 A         B        C        D         E       F
            +---------+---------+-------+---------+---------+-------
      Total |    6706 |    3328 |  33.2 |     223 |      41 |  15.5
            +---------+---------+-------+---------+---------+-------
        D:1 |      36 |       0 |   0.0 |      23 |       0 |   0.0
        D:2 |      62 |      47 |  43.1 |      21 |      15 |  41.7
        D:3 |      32 |     656 |  95.3 |      15 |       4 |  21.1
        D:4 |     511 |     428 |  45.6 |      31 |       4 |  11.4
        D:5 |    1002 |     188 |  15.8 |      33 |       1 |   2.9
        D:6 |     557 |       0 |   0.0 |      27 |       0 |   0.0
        D:7 |    1172 |       0 |   0.0 |      15 |       0 |   0.0
        D:8 |    1135 |      33 |   2.8 |      21 |       1 |   4.5
        D:9 |    1820 |     836 |  31.5 |      29 |       2 |   6.5
       D:10 |     329 |       0 |   0.0 |       7 |       0 |   0.0
     Temple |      50 |       0 |   0.0 |       1 |       0 |   0.0
     Bailey |       0 |    1140 | 100.0 |       0 |      14 | 100.0
            +---------+---------+-------+---------+---------+-------
